 Dungeon Crawl Stone Soup version 0.19.4-9-g45fd643 (webtiles) character file.

614 sankara the Insei (level 7, -10/60 HPs)
             Began as a Black Draconian Transmuter on Feb 21, 2017.
             Was a Follower of Ru.
             Mangled by an ogre
             ... wielding a +0 giant club
              (25 damage)
             ... on level 5 of the Dungeon.
             The game lasted 00:12:08 (4797 turns).

sankara the Insei (Black Draconian Transmuter)      Turns: 4797, Time: 00:12:09

Health: -10/60     AC:  9    Str: 12    XL:     7   Next: 20%
Magic:  10/10      EV: 17    Int: 13    God:    Ru [*.....]
Gold:   155        SH:  0    Dex: 19    Spells: 3 memorised, 4 levels left

rFire  . . .     SeeInvis .       - Unarmed
rCold  . . .     Gourm    .     (armour unavailable)
rNeg   . . .     Faith    .     (no shield)
rPois  .         Spirit   .     (helmet restricted)
rElec  +         Reflect  .     (no cloak)
rCorr  .         Harm     .     y - +2 pair of gloves
MR     .....                    (no boots)
Stlth  +++.......               (no amulet)
                                (no ring)
                                x - ring of wizardry

@: agile, appendage (expiring)
A: breathe lightning, unfitting armour, horns 2, electricity resistance,
cold-blooded, hated by all, AC +6
a: Breathe Lightning, End Transformation, Renounce Religion


You were on level 5 of the Dungeon.
You worshipped Ru.
Ru was aware of your devotion.
You were very hungry.
You had grown temporary horns.
You visited 1 branch of the dungeon, and saw 5 of its levels.

You collected 155 gold pieces.

Inventory:

Hand Weapons
 r - a +1 dagger of venom
 v - a +0 rapier
 w - a +2 dagger of speed
Missiles
 a - 71 arrows
Armour
 y - a +2 pair of gloves (worn)
Jewellery
 x - a ring of wizardry (left hand)
Wands
 n - a wand of lightning (11/15)
Scrolls
 e - 4 scrolls of identify
 g - 2 scrolls of blinking {unknown}
 i - 3 scrolls of teleportation {unknown}
 k - 2 scrolls of magic mapping {unknown}
 m - a scroll of remove curse {unknown}
 o - a scroll of fog {unknown}
 s - 3 scrolls of amnesia {unknown}
 B - a scroll of enchant armour {unknown}
 C - a scroll of noise {unknown}
Potions
 q - 2 potions of curing {unknown}
 t - a potion of heal wounds {unknown}
 z - 2 potions of degeneration {unknown}
Books
 b - a book of Changes

   Spells                             Type                      Level
   a - Beastly Appendage              Transmutation                1
   b - Sticks to Snakes               Transmutation                2
   c - Spider Form                    Transmutation/Poison         3
   d - Ice Form                       Ice/Transmutation            4
   e - Blade Hands                    Transmutation                5
Comestibles
 c - 4 bread rations
 f - 5 meat rations
 j - a royal jelly
 u - a beef jerky
 A - a slice of pizza


   Skills:
 + Level 4.4 Fighting
 - Level 1.7 Dodging
 * Level 6.1 Unarmed Combat
 + Level 2.1 Spellcasting
 + Level 4.2 Transmutations


You had 4 spell levels left.
You knew the following spells:

 Your Spells              Type           Power        Failure   Level  Hunger
a - Beastly Appendage     Tmut           ##....       2%          1    ##.....
b - Sticks to Snakes      Tmut           ##......     4%          2    ###....
c - Spider Form           Tmut/Pois      #.........   14%         3    ####...


Dungeon Overview and Level Annotations

Branches:
Dungeon (5/15)
 Temple: D:4-7

Altars:
Ashenzari
Dithmenos
Fedhas
Makhleb
Nemelex Xobeh
Ru

Shops:
D:5 }


Innate Abilities, Weirdness & Mutations

You can breathe wild blasts of lightning.
Your glossy black scales are hard. (AC +6)
You cannot fit into any form of body armour.
You are resistant to electric shocks. (rElec)
You are cold-blooded and may be slowed by cold attacks.
You are hated by all.
You have a pair of horns on your head.


Message History

The giant cockroach bites you but does no damage.
The giant cockroach barely misses you.
You punch the giant cockroach!
You kill the giant cockroach!
You barely miss the orc. You headbutt the orc, but do no damage.
You redirect the orc's attack!
The orc hits the ogre with a hand axe!
The orc hits you but does no damage.
You barely miss the orc. Your headbutt misses the orc.
The orc hits you but does no damage.
You hit the orc.
You kill the orc!
You hit the ogre. Your headbutt misses the ogre.
The ogre is moderately wounded.
The ogre hits you with a giant club!!
Ouch! That really hurt!
* * * LOW HITPOINT WARNING * * *
It was a potion of agility.
You feel agile all of a sudden.
Your transformation is almost over.
The ogre hits you with a giant club!!
You die...

.................##.#.#
#..
.........##########.#.#
#.. .........# #.#.#
#.. .........#
#######.#.###.#
#######.##
#.......#<..#.## #o#
#.#####...#.#.#. #.#
#.# #.#.#.#.#.
#.#####.#####.###.....
#..oO@........#.....##
#######.#######.#####
#.# #.# #.#######.#
#.........# ###########


You could see an ogre and an orc.

Vanquished Creatures
  Edmund (D:4)
  An ogre (D:4)
  A scorpion (D:4)
  The ghost of North the Ruffian, a weakling DrTm (D:3)
  A howler monkey (D:4)
  2 orc priests
  An orc wizard (D:3)
  2 worker ants (D:4)
  6 adders
  An ooze (D:3)
  A worm (D:3)
  A dart slug (D:1)
  The ghost of Cofein the Chiller, a weakling DsIE (D:4)
  2 leopard geckos (D:1)
  12 orcs
  4 ball pythons
  4 giant cockroaches
  7 goblins
  5 hobgoblins
  3 jackals (D:2)
  2 quokkas (D:3)
  7 bats
  2 frilled lizards (D:3)
  7 kobolds
  10 rats
85 creatures vanquished.

Notes
Turn   | Place    | Note
-------+----------+-------------------------------------------
     0 | D:1      | sankara the Draconian Transmuter began the quest for the Orb.
     0 | D:1      | Reached XP level 1. HP: 16/16 MP: 3/3
   171 | D:1      | Reached XP level 2. HP: 22/23 MP: 3/5
   708 | D:1      | Learned a level 2 spell: Sticks to Snakes
  1064 | D:1      | Found a blossoming altar of Fedhas.
  1128 | D:1      | Reached XP level 3. HP: 27/29 MP: 4/6
  1361 | D:2      | Found a sacrificial altar of Ru.
  1369 | D:2      | Became a worshipper of Ru the Awakened
  1779 | D:2      | Found a faded altar of an unknown god.
  2017 | D:3      | Found a shattered altar of Ashenzari.
  2048 | D:3      | Found a sparkling altar of Nemelex Xobeh.
  2064 | D:3      | Reached skill level 4 in Unarmed Combat
  2089 | D:3      | Learned a level 3 spell: Spider Form
  2104 | D:3      | Reached XP level 4. HP: 21/37 MP: 7/7
  2456 | D:3      | Noticed North's ghost (weakling DrTm)
  2489 | D:3      | Killed North's ghost
  2549 | D:3      | Reached XP level 5. HP: 31/44 MP: 8/8
  2714 | D:3      | Found a shadowy altar of Dithmenos.
  3374 | D:3      | Gained mutation: You are hated by all. [Ru sacrifice]
  3374 | D:3      | Reached * piety under Ru
  3854 | D:4      | Noticed Cofein's ghost (weakling DsIE)
  3865 | D:4      | Killed Cofein's ghost
  3878 | D:4      | Reached skill level 5 in Unarmed Combat
  3878 | D:4      | Reached XP level 6. HP: 33/51 MP: 7/9
  4260 | D:4      | Found a burning altar of Makhleb.
  4596 | D:4      | Noticed Edmund
  4607 | D:4      | Killed Edmund
  4607 | D:4      | Your scales start taking on a glossy black colour.
  4607 | D:4      | Reached XP level 7. HP: 49/59 MP: 8/10
  4607 | D:4      | Gained mutation: You are resistant to electric shocks. (rElec) [Black Draconian growth]
  4664 | D:4      | Reached skill level 6 in Unarmed Combat
  4706 | D:5      | Entered Level 5 of the Dungeon
  4763 | D:5      | Found Lozahiza's Gadget Shoppe.
  4797 | D:5      | Mangled by an ogre

Skill      XL: |  1  2  3  4  5  6  7 |
---------------+----------------------+-----
Fighting       | 2 3 4 |  4.4
Unarmed Combat | 4 5 6 |  6.1
Transmutations | 3 4 |  4.2
Dodging        | |  1.7
Spellcasting   | |  2.1

Action                   |  1- 3 |  4- 6 |  7- 9 || total
-------------------------+-------+-------+-------++-------
Melee: Unarmed           |   150 |   178 |    19 ||   347
       Kick              |     7 |    32 |     3 ||    42
       Tailslap          |    13 |    16 |     3 ||    32
       Headbutt          |     7 |     6 |     1 ||    14
       Punch             |     1 |     4 |       ||     5
 Cast: Beastly Appendage |    30 |    31 |     3 ||    64
Invok: Sacrifice Love    |       |     1 |       ||     1
  Use: Scroll            |     2 |       |       ||     2
       Potion            |       |     3 |     1 ||     4
 Stab: Sleeping          |       |     1 |       ||     1
  Eat: Chunk             |     5 |     8 |       ||    13
Armor: Skin              |    49 |    40 |     9 ||    98
Dodge: Dodged            |   118 |    72 |    13 ||   203
